 Dungeon Crawl Stone Soup version 0.20.1-1-g8b1a95d (webtiles) character file.

255 Kahvikuppo the Chopper (level 5, -8/47 HPs)
             Began as a Draconian Berserker on July 12, 2017.
             Was a Believer of Trog.
             Mangled by an orc warrior
             ... wielding a +0 glaive
              (22 damage)
             ... on level 4 of the Dungeon.
             The game lasted 00:11:52 (1851 turns).

Kahvikuppo the Chopper (Draconian Berserker)        Turns: 1851, Time: 00:11:53

Health: -8/47      AC:  6    Str: 19    XL:     5   Next: 91%
Magic:  5/5        EV: 13    Int:  7    God:    Trog [**....]
Gold:   124        SH:  0    Dex: 12    Spells: 4/4 levels left

rFire    . . .     SeeInvis .   a - +0 hand axe
rCold    . . .     Gourm    .   (no shield)
rNeg     . . .     Faith    .   (armour unavailable)
rPois    .         Spirit   .   (helmet restricted)
rElec    .         Reflect  .   (no cloak)
rCorr    .         Harm     .   e - +0 pair of gloves
MR       ++...                  (no boots)
Stlth    +.........             f - amulet of regeneration
Regen    1.6/turn               (no ring)
MPRegen  0.1/turn               (no ring)

@: berserk cooldown, regenerating, slowed, very slow
A: unfitting armour, cold-blooded, AC +5
a: Berserk, Trog's Hand, Burn Spellbooks, Renounce Religion


You were on level 4 of the Dungeon.
You worshipped Trog.
Trog was pleased with you.
You were not hungry.

You visited 1 branch of the dungeon, and saw 4 of its levels.

You collected 124 gold pieces.

Inventory:

Hand Weapons
 a - a +0 hand axe (weapon)
 p - a +0 hunting sling
Missiles
 q - 44 stones (quivered)
Armour
 c - a +0 leather armour
 e - a +0 pair of gloves (worn)
Jewellery
 f - an amulet of regeneration (around neck)
Scrolls
 d - a scroll of recharging {unknown}
 h - 2 scrolls of teleportation
 i - 3 scrolls of identify
 k - a scroll of random uselessness
Potions
 j - a potion of haste {unknown}
 m - a potion of ambrosia
 n - a potion of might
 o - a potion of berserk rage {unknown}
 r - a potion of heal wounds {unknown}
Comestibles
 b - 5 bread rations
 g - 3 meat rations


   Skills:
 + Level 4.4 Fighting
 + Level 5.0 Axes
 + Level 3.9 Dodging
 + Level 0.6 Stealth


You had 4 spell levels left.
You didn't know any spells.

Dungeon Overview and Level Annotations

Branches:
Dungeon (4/15)
 Temple: D:4-7

Altars:
Sif Muna
Trog
Xom


Innate Abilities, Weirdness & Mutations

Your plain brown scales are hard. (AC +5)
You cannot fit into any form of body armour.
You are cold-blooded and may be slowed by cold attacks.


Message History

* * * LOW HITPOINT WARNING * * *
You closely miss the orc warrior.
You tail-slap the orc warrior, but do no damage.
The orc warrior misses you.
You hit the orc warrior but do no damage.
The orc warrior closely misses you. x2
Your skin crawls.
You feel resistant to hostile enchantments.
You feel quite a bit more hungry. The orc warrior closely misses you.
An orc comes into view. It is wielding a dagger.
You barely miss the orc warrior.
The orc shouts!
You tail-slap the orc warrior.
The orc warrior is lightly wounded.
The orc warrior barely misses you.
You barely miss the orc warrior.
You tail-slap the orc warrior, but do no damage.
The orc warrior is lightly wounded.
The orc warrior hits you with a glaive!!
You die...

.##..# .##. #..# ... #..#
..# #..# #####.#
###..############.....####
...............)).(.......
###..############...######
#..# #########.## #..#
#(.o..o@..# ...#
#.######### ....# ...#.#
#.##.#


You could see an orc warrior and an orc.

Vanquished Creatures
  A howler monkey (D:4)
  An orc wizard (D:4)
  An orc priest (D:4)
  Jessica (D:3)
  A worker ant (D:4)
  2 adders
  An ooze (D:2)
  4 worms
  3 leopard geckos (D:1)
  9 orcs
  4 giant cockroaches
  6 hobgoblins
  2 quokkas (D:3)
  7 bats
  6 frilled lizards
  6 goblins
  7 kobolds
  5 rats
67 creatures vanquished.

Vanquished Creatures (others)
  4 goblins (D:4)
  A kobold (D:4)
5 creatures vanquished.

Grand Total: 72 creatures vanquished

Notes
Turn   | Place    | Note
-------+----------+-------------------------------------------
     0 | D:1      | Kahvikuppo the Draconian Berserker began the quest for the Orb.
     0 | D:1      | Reached XP level 1. HP: 19/19 MP: 1/1
    74 | D:1      | Reached XP level 2. HP: 17/26 MP: 2/2
   177 | D:1      | Found a shimmering altar of Xom.
   285 | D:2      | Found a bloodstained altar of Trog.
   288 | D:2      | Reached ** piety under Trog
   293 | D:2      | Found a deep blue altar of Sif Muna.
   407 | D:2      | Reached XP level 3. HP: 32/33 MP: 3/3
  1005 | D:3      | Reached skill level 4 in Axes
  1079 | D:3      | Reached XP level 4. HP: 40/40 MP: 4/4
  1154 | D:3      | Noticed Jessica
  1159 | D:3      | Killed Jessica
  1632 | D:4      | Reached XP level 5. HP: 21/46 MP: 5/5
  1827 | D:4      | Reached skill level 5 in Axes
  1836 | D:4      | Noticed an orc warrior
  1851 | D:4      | Mangled by an orc warrior

Skill      XL: |  1  2  3  4  5 |
---------------+----------------+-----
Dodging        | 3 |  3.9
Fighting       | 4 |  4.4
Axes           | 4 5 |  5.0
Stealth        | |  0.6

Action                   |  1- 3 |  4- 6 || total
-------------------------+-------+-------++-------
Melee: Hand axe          |   122 |    97 ||   219
       Tailslap          |    19 |    17 ||    36
       Quarterstaff      |       |     4 ||     4
Invok: Berserk           |       |     1 ||     1
       Trog's Hand       |       |     1 ||     1
  Use: Scroll            |     2 |     4 ||     6
       Potion            |       |     1 ||     1
  Eat: Chunk             |       |     2 ||     2
       Bread ration      |       |     1 ||     1
Armor: Skin              |    33 |    23 ||    56
Dodge: Dodged            |   110 |    79 ||   189
